 Dungeon Crawl Stone Soup version 0.32-a0-779-g362cfcae2a (webtiles) character file.

Game seed: 7146411687747906084

2947 kae the Carver (level 9, -3/61 HPs)
             Began as a Coglin Gladiator on Mar 19, 2024.
             Slain by a killer bee (7 damage)
             ... on level 7 of the Dungeon.
             The game lasted 00:07:04 (7889 turns).

kae the Carver (Coglin Gladiator)                   Turns: 7889, Time: 00:07:04

Health: -3/61      AC:  4    Str: 15    XL:     9   Next: 80%
Magic:  9/9        EV: 12    Int:  7    God:
Gold:   441        SH:  0    Dex: 20    Spells: 8/8 levels left

rFire   . . .        a - +0 long sword {Malki}
rCold   . . .        u - +1 short sword (speed) {Mizue}
rNeg    . . .        b - +0 leather armour
rPois   .            c - +0 helmet
rElec   .            (no cloak)
rCorr   .            (no gloves)
SInv    .            (no boots)
Will    .....        (amulet unavailable)
Stlth   +            (ring unavailable)
HPRegen 0.30/turn    (ring unavailable)
MPRegen 0.11/turn    (no gizmo)

%: no passive effects
@: lethally poisoned (-3 -> -8)
A: off-hand wielding, slow wielding, warmup strikes, no jewellery
a: Invent Gizmo


You were on level 7 of the Dungeon.
You visited 2 branches of the dungeon, and saw 8 of its levels.
You also visited: Ossuary.

You collected 441 gold pieces.


Innate Abilities, Weirdness & Mutations

You can wield a second weapon in your off-hand.
It takes a long time for you to wield or remove held weapons.
Your first few attacks do less damage.
You cannot equip rings or amulets.


   Skills:
 - Level 2.0 Fighting
 + Level 13.4 Long Blades
 - Level 1.7 Throwing
 - Level 2.6 Dodging


You had 8 spell levels left.
You didn't know any spells.
Your spell library contained the following spells:

 Spells                   Type           Power      Damage    Failure   Level
 Magic Dart               Conj           0%         1d3       50%         1
 Blink                    Tloc           0%         N/A       65%         2
 Call Imp                 Summ           0%         N/A       65%         2

Inventory:

Hand Weapons
 a - a +0 long sword (weapon) {Malki}
 u - a +1 short sword of speed (offhand) {Mizue}
   (You took it off a kobold on level 4 of the Dungeon)
Missiles
 d - 4 throwing nets (quivered) {=f!f}
 e - a javelin
 g - 86 stones
 k - 13 poisoned darts
 p - 2 boomerangs
 r - 3 atropa-tipped darts
 C - a curare-tipped dart {=f}
Armour
 b - a +0 leather armour (worn)
 c - a +0 helmet (worn)
Jewellery
 j - a ring of willpower
   (You found it on level 1 of the Dungeon)
 A - an amulet of the acrobat
   (You found it on level 4 of the Dungeon)
 D - a +6 ring of dexterity
   (You found it on level 6 of the Dungeon)
 L - a ring of flight
   (You found it on level 4 of the Dungeon)
 W - a ring of magical power
   (You found it on level 1 of the Dungeon)
 Y - a +4 ring of slaying
   (You took it off a kobold on level 4 of the Dungeon)
Wands
 s - a wand of digging (7)
   (You found it on level 4 of the Dungeon)
 z - a wand of flame (17)
   (You found it on level 5 of the Dungeon)
Scrolls
 h - 2 scrolls of fog
 q - a scroll of poison {!r}
 y - 2 scrolls of vulnerability {!r!r}
Potions
 f - a potion of attraction {!q}
 l - 3 potions of curing {@q1}
 m - 5 potions of lignification {!q}
 n - 2 potions of heal wounds {@q2}
 o - a potion of degeneration {!q}
 t - 2 potions of mutation {!q}
 v - a potion of ambrosia
 w - a potion of brilliance
 x - a potion of haste {@q3}
 B - a potion of enlightenment {unknown}

Dungeon Overview and Level Annotations

Branches:
Dungeon (7/15) Zot: 26938  Temple (1/1) D:5 Zot: 5998 Ossuary (visited)

Altars:
Ashenzari
Cheibriados
Dithmenos
Elyvilon
Hepliaklqana
Kikubaaqudgha
Makhleb
Okawaru
Qazlal
Ru
Sif Muna
Trog
Uskayaw
Vehumet
Wu Jian
Xom
Zin
The Shining One

Shops:
D:4 (

Annotations:
D:4 1 runed translucent door, Crazy Yiuf

.^# ##..## .... # #..
##..# #.#.. #...#
#.#.. ####...# ....
#.)'...## #..
#$#'.#.y#####.#
#..###?$'.yyy@.....#
#...#####.#######....
#.#...#.โ€ .+ #
#.#.#...#.+
#.#.###...+ #.#.#
###.# ####.#.# #.#
#......# ### .......#


You could see 4 killer bees.


Message History

You see here a hound skeleton.
Items here: ) [[ รท.
You see here a hobgoblin skeleton.
There is an open door, spattered with blood here.
There is an open gate here.
There is a stone staircase leading down here.
You climb downwards.
There is a stone staircase leading up here.
A scorpion comes into view.
A scorpion is nearby!
A scorpion is nearby!
A scorpion is nearby!
The scorpion barely misses you.
A scorpion is nearby!
You slash the scorpion with your +0 long sword!
You barely miss the scorpion with your +1 short sword of speed.
The scorpion stings you but does no damage.
You closely miss the scorpion with your +1 short sword of speed.
You slash the scorpion with your +0 long sword!
You kill the scorpion!
You see here a scorpion corpse.
A steam dragon comes into view.
No target in view!
You hit the steam dragon with your +1 short sword of speed.
You completely miss the steam dragon with your +0 long sword.
A steam dragon is nearby!
You barely miss the steam dragon with your +1 short sword of speed.
You slash the steam dragon with your +0 long sword!
The steam dragon bites you but does no damage.
The steam dragon claws you.
You hit the steam dragon with your +0 long sword.
You hit the steam dragon with your +1 short sword of speed. ๐Ÿ˜• HP[-4]
You take 4 damage, and now have 57/61 hp.
A steam dragon is nearby!
You hit the steam dragon with your +1 short sword of speed.
You closely miss the steam dragon with your +0 long sword.
The steam dragon bites you! The steam dragon claws you.
You barely miss the steam dragon with your +1 short sword of speed.
You completely miss the steam dragon with your +0 long sword. ๐Ÿ˜• HP[-11]
You take 11 damage, and now have 46/61 hp.
A steam dragon is nearby!
You closely miss the steam dragon with your +0 long sword.
You hit the steam dragon but do no damage.
The steam dragon bites you but does no damage.
The steam dragon claws you but does no damage.
You completely miss the steam dragon with your +0 long sword.
You closely miss the steam dragon with your +1 short sword of speed.
The steam dragon bites you. The steam dragon closely misses you.
A steam dragon is nearby! ๐Ÿ˜ฎ HP[-1]
You take 1 damage, and now have 45/61 hp.
You slash the steam dragon with your +0 long sword!
You hit the steam dragon but do no damage.
You slash the steam dragon with your +0 long sword!
You kill the steam dragon!
You open the gate. 3 killer bees come into view.
The killer bee buzzes angrily. x2
A killer bee comes into view.
The killer bee barely misses you. The killer bee stings you.
You are poisoned.
The killer bee poisons you!
The killer bee buzzes angrily. ๐Ÿ˜• HP[+1]
You feel sick.
The killer bee stings you but does no damage.
The killer bee stings you!
You are more poisoned.
The killer bee poisons you! The killer bee stings you.
The killer bee closely misses you. ๐Ÿ˜ฎ HP[-13]
You take 13 damage, and now have 33/61 hp.
MASSIVE DAMAGE!! (PAUSE)
You feel very sick.
The killer bee stings you but does no damage.
The killer bee stings you!
* * * LOW HITPOINT WARNING * * *
The killer bee misses you. The killer bee barely misses you.
The killer bee stings you!
* * * LOW HITPOINT WARNING * * *
๐Ÿ˜ฑ HP[-19]
You take 19 damage, and now have 14/61 hp.
MASSIVE DAMAGE!! (PAUSE)
Okay, then.
* * * LOW HITPOINT WARNING * * *
You feel very sick. ๐Ÿ˜ฑ HP[-3]
You take 3 damage, and now have 11/61 hp.
* * * LOW HITPOINT WARNING * * *
You feel very sick. The killer bee stings you.
* * * LOW HITPOINT WARNING * * *
The killer bee closely misses you. x2; The killer bee barely misses you. ๐Ÿ˜ฑ HP[-5]
You take 5 damage, and now have 6/61 hp.
* * * LOW HITPOINT WARNING * * *
You feel sick. The killer bee stings you!
You die...

Skill      XL: |  1  2  3  4  5  6  7  8  9 |
---------------+----------------------------+-----
Long Blades    | 4 5 6 7 9 11 13 | 13.4
Fighting       | |  2.0
Throwing       | |  1.7
Dodging        | |  2.6

Action                     |  1- 3 |  4- 6 |  7- 9 || total
---------------------------+-------+-------+-------++-------
  Melee: Long sword        |    64 |   167 |   354 ||   585
         Dagger            |    59 |   150 |   110 ||   319
         Short sword       |       |       |   212 ||   212
    Use: Scroll            |     6 |     3 |    13 ||    22
         Potion            |       |       |     7 ||     7
   Stab: Sleeping          |       |     1 |     4 ||     5
 Armour: Leather armour    |    42 |   113 |   238 ||   393
  Dodge: Dodged            |    35 |   112 |   199 ||   346

Levels and vault maps discovered:
D:1:      dpeg_arrival_snail, layout_basic, minmay_misc_feat_tower
D:2:      layout_basic, roderic_serpentine_path, uniq_natasha
D:3:      layout_rooms, elyvilon_altar_3, chequers_serial_rivers_large_b,
          hangedman_decor_slide_cut, minmay_misc_feat_iff
D:4:      layout_cave_pools, mainiacjoe_overflow_small_starburst, serial_shops,
          nicolae_shop_window_shopping, chequers_ossuary_entry_cave,
          minmay_pentangle, uniq_crazy_yiuf_cottage
D:5:      layout_loops_corners, minmay_temple_entry_large_hall,
          serial_park_tiny_1, glass_columns_b, lightli_corner_chamber
D:6:      kennysheep_housing_project, layout_rooms, okawaru_gym_becter,
          mainiacjoe_overflow_alcove_1, overflow_temple_1_default
D:7:      layout_loops_ring, grunt_temple_overflow_opulence,
          fedhas_altar_fruit_tree, eino_jars, uniq_maurice, uniq_maggie,
          uniq_joseph
Temple:   nicolae_temple_ecumenical_triangle

Notes
Turn   | Place    | Note
-------+----------+-------------------------------------------
     0 | D:1      | kae the Coglin Gladiator began the quest for the Orb.
     0 | D:1      | Reached XP level 1. HP: 16/16 MP: 1/1
     0 | D:1      | magus.rc [v1.11.3]
   117 | D:1      | You pick up a book of Minor Magic and begin reading...
   117 | D:1      | You add the spells Magic Dart, Blink and Call Imp to your
                  | library.
   218 | D:1      | Reached XP level 2. HP: 22/22 MP: 2/2
   773 | D:2      | Reached skill level 4 in Long Blades
   790 | D:2      | Reached XP level 3. HP: 19/27 MP: 3/3
   975 | D:2      | Noticed Natasha
   984 | D:2      | Killed Natasha
  1066 | D:2      | Reached XP level 4. HP: 33/33 MP: 4/4
  1117 | D:2      | Reached skill level 5 in Long Blades
  1311 | D:2      | Noticed Natasha
  1318 | D:2      | Killed Natasha
  1368 | D:2      | Noticed Natasha
  1376 | D:2      | Killed Natasha
  1377 | D:2      | Reached XP level 5. HP: 37/38 MP: 5/5
  1708 | D:3      | Reached skill level 6 in Long Blades
  1938 | D:3      | Found a white marble altar of Elyvilon.
  2549 | D:4      | Reached XP level 6. HP: 40/44 MP: 6/6
  2659 | D:4      | Found a sand-covered staircase.
  2666 | Ossuary  | Entered an ossuary
  2700 | Ossuary  | Reached skill level 7 in Long Blades
  2710 | Ossuary  | HP: 11/44 [human zombie (4)]
  3011 | Ossuary  | Reached XP level 7. HP: 21/50 MP: 7/7
  3151 | Ossuary  | Reached skill level 8 in Long Blades
  3275 | Ossuary  | Reached skill level 9 in Long Blades
  3292 | Ossuary  | Reached XP level 8. HP: 49/56 MP: 8/8
  3414 | Ossuary  | Reached skill level 10 in Long Blades
  3756 | D:4      | HP: 1/56 [ogre/+0 giant club (21)]
  3927 | D:4      | Found a broken altar of Ashenzari.
  4213 | D:4      | Found Xoufazif's Antique Weapon Boutique.
  4483 | D:4      | Found a runed translucent door.
  4484 | D:4      | Noticed Crazy Yiuf
  4582 | D:5      | Entered Level 5 of the Dungeon
  4592 | D:5      | Found a staircase to the Ecumenical Temple.
  4613 | Temple   | Entered the Ecumenical Temple
  4812 | D:5      | Reached skill level 11 in Long Blades
  4911 | D:5      | You pick up a book of Minor Magic and begin reading...
  5203 | D:5      | Reached XP level 9. HP: 55/61 MP: 9/9
  5611 | D:6      | Found an ancient bone altar of Kikubaaqudgha.
  5752 | D:5      | HP: 12/61 [hound (4)]
  5914 | D:5      | Reached skill level 12 in Long Blades
  6405 | D:6      | HP: 5/61 [gnoll sergeant/+2 antimagic trident (12)]
  6550 | D:6      | Found a glowing silver altar of Zin.
  6699 | D:6      | HP: 4/61 [orc priest/divine providence (15)]
  7255 | D:6      | Found an iron altar of Okawaru.
  7293 | D:6      | Reached skill level 13 in Long Blades
  7389 | D:6      | HP: 15/61 [gnoll bouda/+0 whip (8)]
  7401 | D:6      | HP: 13/61 [something (3)]
  7886 | D:7      | HP: 14/61 [killer bee (8)]
  7888 | D:7      | HP: 6/61 [killer bee (2)]
  7889 | D:7      | Slain by a killer bee

Vanquished Creatures
  A steam dragon (D:7)
  An orc warrior (D:5)
  A black bear (D:4)
  2 ogres
  2 phantoms (D:5)
  A kobold brigand (D:6)
  3 gnoll sergeants (D:6)
  A bullfrog (D:6)
  12 scorpions
  2 centaur zombies (Ossuary)
  6 hounds
  2 orc priests (D:6)
  3 human zombies (Ossuary)
  4 gnoll boudas (D:6)
  A jelly (D:5)
  A sleepcap (D:4)
  Natasha (thrice) (D:2)
  2 iguanas
  5 scorpion zombies (Ossuary)
  4 orc wizards
  3 mummies (Ossuary)
  14 gnolls
  8 adders
  A dart slug (D:3)
  A ribbon worm (D:2)
  13 orcs
  9 ball pythons
  2 endoplasms
  2 giant cockroaches
  4 gnoll zombies (Ossuary)
  7 goblins
  16 hobgoblins
  5 jackals
  6 quokkas
  2 ball python zombies (Ossuary)
  3 bats
  4 frilled lizards
  3 jackal zombies (Ossuary)
  19 kobolds
  An orc zombie (Ossuary)
180 creatures vanquished.

Table legend:
 A = Non-vault XP
 B = Vault XP
 C = Vault XP percentage of total XP
 D = Non-vault monster count
 E = Vault monster count
 F = Vault count percentage of total count
                 A         B        C        D         E       F
            +---------+---------+-------+---------+---------+-------
      Total |    2176 |    2035 |  48.3 |     115 |      65 |  36.1
            +---------+---------+-------+---------+---------+-------
        D:1 |      28 |       0 |   0.0 |      17 |       0 |   0.0
        D:2 |     133 |      37 |  21.8 |      24 |       1 |   4.0
        D:3 |      70 |       0 |   0.0 |      17 |       0 |   0.0
        D:4 |     458 |      41 |   8.2 |      24 |       3 |  11.1
        D:5 |     942 |       0 |   0.0 |      19 |       0 |   0.0
        D:6 |     276 |     817 |  74.7 |      12 |      30 |  71.4
        D:7 |     269 |       0 |   0.0 |       2 |       0 |   0.0
    Ossuary |       0 |    1140 | 100.0 |       0 |      31 | 100.0
            +---------+---------+-------+---------+---------+-------

Skill      XL: |  1  2  3  4  5  6  7  8  9 |
---------------+----------------------------+-----
Long Blades    | 4 5 6 7 9 11 13 | 13.4
Fighting       | |  2.0
Throwing       | |  1.7
Dodging        | |  2.6

Action                     |  1- 3 |  4- 6 |  7- 9 || total
---------------------------+-------+-------+-------++-------
  Melee: Long sword        |    64 |   167 |   354 ||   585
         Dagger            |    59 |   150 |   110 ||   319
         Short sword       |       |       |   212 ||   212
    Use: Scroll            |     6 |     3 |    13 ||    22
         Potion            |       |       |     7 ||     7
   Stab: Sleeping          |       |     1 |     4 ||     5
 Armour: Leather armour    |    42 |   113 |   238 ||   393
  Dodge: Dodged            |    35 |   112 |   199 ||   346

Illustrated notes

Table legend:
 A = Kills in this place as a percentage of kills in the entire game.
 B = Kills by you in this place as a percentage of kills by you in the entire game.
 C = Kills by friends in this place as a percentage of kills by friends in the entire game.
 D = Other kills in this place as a percentage of other kills in the entire game.
 E = Experience gained in this place as a percentage of experience gained in the entire game.
 F = Experience gained in this place divided by the number of levels of this place that you have seen.
                   A       B       C       D       E      F
               +-------+-------+-------+-------+-------+----------------------
         Total | 100.0 | 100.0 |   N/A |   N/A | 100.0 | 467.9
       Dungeon |  82.8 |  82.8 |   N/A |   N/A |  72.9 | 438.7
       Ossuary |  17.2 |  17.2 |   N/A |   N/A |  27.1 | 1140.0
               +-------+-------+-------+-------+-------+----------------------

Table legend: (Time is in decaauts)
 A = Elapsed time spent in this place.
 B = Non-inter-level travel time spent in this place.
 C = Inter-level travel time spent in this place.
 D = Time resting spent in this place.
 E = Time spent auto-exploring this place.
 F = Levels seen in this place.
 G = Mean time per level.
                   A        B        C        D        E       F      G
               +--------+--------+--------+--------+--------+-----+--------+
         Total |   7833 |   7632 |    201 |   1440 |   4675 |   9 |  870.3 |
       Dungeon |   6863 |   6662 |    201 |   1057 |   4398 |   7 |  980.4 |
        Temple |      1 |      1 |      0 |      0 |      0 |   1 |    1.0 |
       Ossuary |    968 |    968 |      0 |    383 |    277 |   1 |  968.0 |
               +--------+--------+--------+--------+--------+-----+--------+

Top non-repeatable levels by time:
     D:5: 1675 daAuts
     D:6: 1480 daAuts
     D:4: 1196 daAuts
 Ossuary: 968 daAuts
     D:2: 922 daAuts
     D:3: 791 daAuts
     D:1: 736 daAuts
     D:7: 61 daAuts
  Temple: 1 daAuts
